 Dungeon Crawl Stone Soup version 0.30-a0-737-gf23d94013f (webtiles) character file.

Game seed: 15578314146566030822

1364 Leeroy the Thaumaturge (level 8, 0/37 (38) HPs)
             Began as a Vine Stalker Warper on Feb 2, 2023.
             Was an Initiate of Wu Jian.
             Slain by a wight
             ... wielding a +3 falchion
              (8 damage)
             ... on level 7 of the Dungeon.
             The game lasted 00:06:08 (4112 turns).

Leeroy the Thaumaturge (Vine Stalker Warper)        Turns: 4112, Time: 00:06:09

HP:   0/37 (38)     AC:  7    Str: 15    XL:     8   Next: 64%
MP:   0/21          EV: 14    Int: 13    God:    Wu Jian [......]
Gold: 262           SH:  0    Dex: 15    Spells: 14/23 levels left

rFire   . . .      SeeInvis .    l - +2 dagger (drain)
rCold   . . .      Faith    .    (no shield)
rNeg    . . .      Spirit   +    b - +0 leather armour
rPois   .          Reflect  .    y - +1 helmet
rElec   .          Harm     .    (no cloak)
rCorr   .          Rampage  .    k - +1 pair of gloves
Will    +....                    (no boots)
Stlth   +                        (no amulet)
HPRegen 1.06/turn                (no ring)
MPRegen 0.17/turn                (no ring)

@: lightly drained
A: fangs 3, regeneration 1, magic shield, antimagic bite, no potion heal 2
a: Renounce Religion


You were on level 7 of the Dungeon.
You worshipped Wu Jian.
Wu Jian was noncommittal.
You visited 2 branches of the dungeon, and saw 8 of its levels.
You also visited: Sewer.

You collected 262 gold pieces.

Inventory:

Hand Weapons
 a - a +0 falchion
 l - a +2 dagger of draining (weapon)
 x - a +0 flail of protection
 F - a +0 sling of flaming
 L - a +3 spear of venom
Missiles
 d - 6 boomerangs of dispersal (quivered)
 s - 3 atropa-tipped darts
 v - 13 poisoned darts
 w - 6 boomerangs
 A - a curare-tipped dart
Armour
 b - a +0 leather armour (worn)
 k - a +1 pair of gloves (worn)
 y - a +1 helmet (worn)
Jewellery
 r - a +4 ring of slaying
 t - a ring of magical power
 K - an amulet of the acrobat
Wands
 C - a wand of paralysis (3)
 H - a wand of quicksilver (2)
Scrolls
 f - 3 scrolls of immolation
 g - a scroll of butterflies
 h - 2 scrolls of teleportation
 m - 2 scrolls of enchant weapon
 B - a scroll of vulnerability {unknown}
 D - 2 scrolls of fog
 G - a scroll of magic mapping {unknown}
 I - a scroll of identify
 J - a scroll of poison {unknown}
Potions
 e - 4 potions of flight
 i - 5 potions of magic {unknown}
 j - 2 potions of might {unknown}
 n - 2 potions of haste {unknown}
 o - 5 potions of curing
 p - 2 potions of lignification {unknown}
 q - a potion of ambrosia {unknown}
 u - 3 potions of degeneration {unknown}
 z - 2 potions of heal wounds
 E - a potion of experience {unknown}
 M - a potion of cancellation {unknown}


   Skills:
 - Level 1.7 Fighting
 - Level 3.0 Long Blades
 - Level 0.8 Throwing
 - Level 0.7 Armour
 - Level 5.2 Dodging
 + Level 8.1 Spellcasting
 - Level 3.0 Translocations


You had 14 spell levels left.
You knew the following spells:

 Your Spells              Type           Power      Damage    Failure   Level
a - Blink                 Tloc           26%        N/A       8%          2
b - Vhi's Electric Charg  Tloc/Air       18%        N/A       26%         3
c - Manifold Assault      Tloc           13%        N/A       43%         4

Your spell library contained the following spells:

 Spells                   Type           Power      Damage    Failure   Level
 Lesser Beckoning         Tloc           26%        N/A       8%          2
 Teleport Other           Tloc           13%        N/A       14%         3
 Static Discharge         Conj/Air       10%        2-3/arc   26%         2
 Frozen Ramparts          Ice            10%        1d2       45%         3
 Ice Form                 Ice/Tmut       5%         N/A       86%         4
 Summon Ice Beast         Ice/Summ       5%         N/A       86%         4
 Arcjolt                  Conj/Air       2%         1d12      99%         5
 Lightning Bolt           Conj/Air       2%         1d14      99%         5
 Storm Form               Tmut/Air       2%         N/A       100%        7


Dungeon Overview and Level Annotations

Branches:
Dungeon (7/15)             Temple (1/1) D:5           Sewer (visited)

Altars:
Ashenzari
Dithmenos
Elyvilon
Fedhas
Gozag
Hepliaklqana
Makhleb
Nemelex Xobeh
Qazlal
Ru
Sif Muna
Trog
Wu Jian
Xom
Yredelemnul
Zin
The Shining One

Annotations:
D:6 Grinder


Innate Abilities, Weirdness & Mutations

You have razor-sharp teeth.
Your natural rate of healing is unusually fast.
When hurt, damage is shared between your health and your magic reserves.
Your bite disrupts and absorbs the magic of your enemies.
Potions cannot restore your health.


Message History

The wight hits you with a +2 falchion!
You completely miss the wight.
The wight is heavily damaged.
You are no longer corroded.
The wight hits you with a +2 falchion.
You feel drained.
You hit the wight but do no damage. Your bite misses the wight.
The wight is heavily damaged.
The wight hits you with a +2 falchion!
* * * LOW HITPOINT WARNING * * *
You hit the wight but do no damage. You bite the wight, but do no damage.
The wight is heavily damaged.
The wight hits you with a +2 falchion!
* * * LOW HITPOINT WARNING * * *
You hit the wight.
The wight is severely damaged.
The wight hits you with a +2 falchion.
* * * LOW HITPOINT WARNING * * *
You feel drained.
Okay, then.
Okay, then.
Okay, then.
Okay, then.
Aiming: Paralyse
Press: ? - help, Shift-Dir - straight line, f - wight
Aim: a wight, wielding a +2 falchion and wearing a +0 robe (heavily damaged, chance to affect: 49%)
The wight suddenly stops moving!
The helpless wight fails to defend itself.
You hit the wight.
The wight is severely damaged.
The centaur seems less drained.
The helpless wight fails to defend itself.
You hit the wight.
The wight is almost destroyed.
The helpless wight fails to defend itself.
You hit the wight.
You destroy the wight!
The Council accepts your kill.
Your Spellcasting skill increases to level 8!
The wight attacks as you move away! The wight hits you with a +3 falchion!
You die...

#>##########
####...†......#
#.............#
#.............# ..#
#...[.........#...#
#.............#...#
#...........z##...#
#.....##.###zc#...######
#.....##...@#.#........#
#.....#####.#J##.......#
####### #.#z...z.....#
#.###cc......## #+#
##..†...... #......./.
#......... ##........
#.#####..


You could see a centaur and 2 wights.

Vanquished Creatures
  A steam dragon (D:6)
  A sky beast (D:6)
  An ogre (D:5)
  A phantom (D:5)
  2 kobold brigands (Sewer)
  A gnoll sergeant (D:6)
  A necrophage (D:7)
  2 bullfrogs (D:6)
  A scorpion (D:5)
  A wight (D:7)
  2 howler monkeys
  3 hounds
  An iguana (D:5)
  Robin (D:2)
  7 gnolls
  5 adders
  2 river rats
  3 shadow imps
  A white imp (D:7)
  2 worms
  3 dart slugs
  2 orcs
  5 bats
  6 endoplasms
  6 giant cockroaches
  11 goblins
  13 hobgoblins
  7 jackals
  7 ball pythons
  4 frilled lizards
  13 kobolds
  8 rats
124 creatures vanquished.

Notes
Turn   | Place    | Note
-------+----------+-------------------------------------------
     0 | D:1      | Leeroy the Vine Stalker Warper began the quest for the Orb.
     0 | D:1      | Reached XP level 1. HP: 11/11 MP: 4/4
   131 | D:1      | Reached XP level 2. HP: 12/15 MP: 6/6
   438 | D:1      | Reached XP level 3. HP: 18/18 MP: 7/7
   805 | D:2      | Noticed Robin
   847 | D:2      | Killed Robin
   848 | D:2      | Gained mutation: Your natural rate of healing is unusually
                  | fast. [Vine Stalker growth]
   848 | D:2      | Reached XP level 4. HP: 14/23 MP: 8/8
  1399 | D:3      | Found a glowing golden altar of the Shining One.
  1674 | D:3      | Found a glowing drain.
  1685 | D:3      | Reached XP level 5. HP: 23/26 MP: 6/9
  1691 | Sewer    | Entered a sewer
  1765 | Sewer    | Noticed a kobold brigand
  1770 | Sewer    | Noticed a kobold brigand
  1797 | Sewer    | Killed a kobold brigand
  1823 | Sewer    | Killed a kobold brigand
  1824 | Sewer    | Reached XP level 6. HP: 30/30 MP: 10/10
  1862 | Sewer    | Found a white marble altar of Elyvilon.
  2358 | D:4      | Found a hazy altar of Hepliaklqana.
  2359 | D:4      | Found a shadowy altar of Dithmenos.
  2360 | D:4      | Noticed a shadow
  2477 | D:5      | Entered Level 5 of the Dungeon
  2549 | D:5      | Reached skill level 5 in Dodging
  2633 | D:5      | Found a staircase to the Ecumenical Temple.
  2648 | Temple   | Entered the Ecumenical Temple
  2859 | Temple   | Became a worshipper of the Wu Jian Council
  2982 | D:5      | Reached skill level 3 in Spellcasting
  2982 | D:5      | Reached XP level 7. HP: 34/34 MP: 10/13
  3008 | D:5      | Reached skill level 4 in Spellcasting
  3199 | D:5      | Reached skill level 5 in Spellcasting
  3365 | D:6      | Learned a level 2 spell: Blink
  3369 | D:6      | Learned a level 3 spell: Vhi's Electric Charge
  3374 | D:6      | Learned a level 4 spell: Manifold Assault
  3651 | D:6      | Noticed a two-headed ogre
  3651 | D:6      | Noticed a cyclops
  3704 | D:6      | Noticed Grinder
  3708 | D:6      | Gained mutation: You have razor-sharp teeth. [Vine Stalker
                  | growth]
  3708 | D:6      | Reached XP level 8. HP: 26/38 MP: 12/17
  3765 | D:6      | Reached skill level 6 in Spellcasting
  3886 | D:6      | Reached skill level 7 in Spellcasting
  3947 | D:6      | Noticed a vampire
  4112 | D:7      | Reached skill level 8 in Spellcasting
  4112 | D:7      | Slain by a wight

Illustrated notes

Levels and vault maps discovered:
D:1:      minmay_arrival_nine_rooms, layout_loops_ring, serial_glass,
          glass_columns_b, glass_columns_a, st_stairs_7
D:2:      layout_rooms, serial_glass, glass_columns_c, glass_columns_c,
          hangedman_decor_clover_reticule, uniq_robin
D:3:      layout_loops_ring, nicolae_overflow_crystal_walls,
          portal_sewer_entry_e, minmay_cupped
D:4:      layout_cave_pools, riverfiend_overflow_shadow_ancestor,
          hangedman_abyss_or_decor_stagger
D:5:      layout_loops_ring, minmay_temple_entry_purple_smoke
D:6:      layout_basic, serial_rivers, chequers_serial_rivers_large_a,
          chequers_serial_rivers_micro_d, chequers_serial_rivers_room_a,
          chequers_serial_rivers_small_3, lightli_corner_chamber, uniq_grinder
D:7:      layout_basic
Temple:   eino_temple_water

Skill      XL: |  1  2  3  4  5  6  7  8 |
---------------+-------------------------+-----
Long Blades    | 2 3 |  3.0
Dodging        | 2 3 4 5 |  5.2
Spellcasting   | 3 5 8 |  8.1
Fighting       | |  1.7
Throwing       | |  0.8
Armour         | |  0.7
Translocations | |  3.0

Action                     |  1- 3 |  4- 6 |  7- 9 || total
---------------------------+-------+-------+-------++-------
  Melee: Falchion          |    40 |       |       ||    40
         Bite              |    21 |    45 |    68 ||   134
         Dagger            |    48 |   211 |   193 ||   452
         Punch             |       |     1 |     4 ||     5
  Throw: Javelin           |       |       |     3 ||     3
         Boomerang         |       |       |     1 ||     1
Ability: Lunge             |       |       |    10 ||    10
  Evoke: Wand              |       |       |     1 ||     1
    Use: Scroll            |       |     6 |     2 ||     8
         Potion            |       |       |     1 ||     1
   Stab: Sleeping          |       |       |     1 ||     1
         Paralysed         |       |       |     3 ||     3
 Armour: Leather armour    |    34 |    58 |    50 ||   142
  Dodge: Dodged            |    63 |   121 |   118 ||   302

Table legend: (Time is in decaauts)
 A = Elapsed time spent in this place.
 B = Non-inter-level travel time spent in this place.
 C = Inter-level travel time spent in this place.
 D = Time resting spent in this place.
 E = Time spent auto-exploring this place.
 F = Levels seen in this place.
 G = Mean time per level.
                   A        B        C        D        E       F      G
               +--------+--------+--------+--------+--------+-----+--------+
         Total |   4128 |   4011 |    117 |      0 |   2951 |   9 |  458.7 |
       Dungeon |   3656 |   3559 |     97 |      0 |   2632 |   7 |  522.3 |
        Temple |    228 |    208 |     20 |      0 |    192 |   1 |  228.0 |
         Sewer |    243 |    243 |      0 |      0 |    127 |   1 |  243.0 |
               +--------+--------+--------+--------+--------+-----+--------+

Top non-repeatable levels by time:
     D:3: 677 daAuts
     D:6: 663 daAuts
     D:1: 663 daAuts
     D:5: 634 daAuts
     D:2: 536 daAuts
     D:4: 380 daAuts
   Sewer: 243 daAuts
  Temple: 228 daAuts
     D:7: 100 daAuts
